 Dungeon Crawl Stone Soup version 0.21.0-3-g78d12a8 (webtiles) character file.

155 HungrySpirit the Chopper (level 5, -3/30 HPs)
             Began as a Gargoyle Wanderer on Jan 10, 2018.
             Slain by nuthulu's ghost (7 damage)
             ... on level 3 of the Dungeon.
             The game lasted 00:03:43 (2120 turns).

HungrySpirit the Chopper (Gargoyle Wanderer)        Turns: 2120, Time: 00:03:43

Health: -3/30      AC: 10    Str: 19 (20) XL:     5   Next: 37%
Magic:  6/6        EV:  9    Int:  9 (10) God:
Gold:   106        SH:  0    Dex:  5 (8)  Spells: 6/6 levels left

rFire    . . .     SeeInvis .   b - +0 hand axe
rCold    . . .     Gourm    .   (no shield)
rNeg     + . .     Faith    .   i - +0 scale mail
rPois    ∞         Spirit   .   (no helmet)
rElec    +         Reflect  .   (no cloak)
rCorr    .         Harm     .   (no gloves)
MR       .....                  (no boots)
Stlth    ..........             (no amulet)
HPRegen  0.10/turn              (no ring)
MPRegen  0.10/turn              (no ring)

@: hasted, very quick
A: negative energy resistance 1, electricity resistance, unbreathing,
petrification resistance, rot immunity, AC +4
a: no special abilities


You were on level 3 of the Dungeon.
You were hungry.

You visited 1 branch of the dungeon, and saw 3 of its levels.

You collected 106 gold pieces.

Inventory:

Hand Weapons
 b - a +0 hand axe (weapon)
Armour
 i - a +0 scale mail (worn)
Wands
 c - a wand of random effects (15)
Scrolls
 e - a scroll of magic mapping {unknown}
 h - a scroll of blinking {unknown}
 k - 2 scrolls of immolation {unknown}
 l - 3 scrolls of remove curse {unknown}
 m - a scroll of fog {unknown}
 n - a scroll of enchant armour {unknown}
Potions
 d - a potion of curing {unknown}
 g - a potion of cancellation {unknown}
Books
 a - a book of Conjurations

   Spells                             Type                      Level
   a - Magic Dart                     Conjuration                  1
   b - Searing Ray                    Conjuration                  2
   c - Dazzling Spray                 Conjuration/Hexes            3
   d - Fulminant Prism                Conjuration/Hexes            4
   e - Force Lance                    Conjuration/Translocation    4
   f - Iskenderun's Mystic Blast      Conjuration                  4
Comestibles
 f - 7 rations
 p - 8 chunks of flesh


   Skills:
 - Level 2.1 Fighting
 * Level 4.4 Axes
 - Level 3.2 Armour
   Level 1.1 Shields
 - Level 1.0 Spellcasting
   Level 1.1 Conjurations
   Level 1.0 Translocations
 - Level 1.0 Evocations


You had 6 spell levels left.
You didn't know any spells.

Dungeon Overview and Level Annotations

Branches:
Dungeon (3/15)

Altars:
Nemelex Xobeh

Annotations:
D:3 nuthulu's ghost, amateur GrFi


Innate Abilities, Weirdness & Mutations

You are resistant to torment.
Your stone body is resilient. (AC +4)
You are immune to poison.
You resist negative energy. (rN+)
You are resistant to electric shocks. (rElec)
You can survive without breathing.
You are immune to petrification.
You are immune to rotting.


Message History

You hit nuthulu's ghost.
Nuthulu's ghost is heavily damaged.
Nuthulu's ghost barely misses you.
You are feeling hungry.
You hit nuthulu's ghost.
Nuthulu's ghost is severely damaged.
Nuthulu's ghost hits you!
You are too injured to fight recklessly!
You are too injured to fight recklessly!
You are too injured to fight recklessly!
You are too injured to fight recklessly!
You are too injured to fight recklessly!
You are too injured to fight recklessly!
It was a potion of degeneration.
There was something very wrong with that liquid.
You feel weakened.
You feel dopey.
You feel clumsy. Nuthulu's ghost hits you!
* * * LOW HITPOINT WARNING * * *
It was a potion of haste.
You feel yourself speed up. Nuthulu's ghost hits you!
You die...

....# ... ... . #...
.h. #. #.#... ###
#h# #.##.#... ..#
#o# ....#..) #.# #W#
#..#... #.# ##@#
#...... #.# #..#
#.#.... #.####.# #.#
#.## ##)##...
#......# #.# #.#
##..))...
...#######.# #.#
##...##>..
...........# ##.#
###...####..
.#########.# #..#
####...#.# ##. .#
#.###.####....##..#
## .##
##..........#####.##
#


You could see nuthulu's ghost, an orc and 2 jackals.

Vanquished Creatures
  An orc wizard (D:3)
  4 adders
  2 oozes (D:2)
  3 worms (D:2)
  2 dart slugs
  3 orcs (D:3)
  16 bats
  6 giant cockroaches
  8 goblins
  3 hobgoblins
  3 jackals (D:2)
  4 frilled lizards
  8 kobolds
  4 rats
67 creatures vanquished.

Notes
Turn   | Place    | Note
-------+----------+-------------------------------------------
     0 | D:1      | HungrySpirit the Gargoyle Wanderer began the quest for the Orb.
     0 | D:1      | HungrySpirit set off with: a book of Conjurations, a +0 hand axe, a wand of random effects (15), a +0 robe, a ration
     0 | D:1      | Reached XP level 1. HP: 12/12 MP: 2/2
   156 | D:1      | Reached skill level 1 in Axes
   273 | D:1      | Reached XP level 2. HP: 13/17 MP: 3/3
   382 | D:1      | Reached skill level 2 in Axes
   771 | D:2      | Reached XP level 3. HP: 21/21 MP: 4/4
  1134 | D:2      | Reached skill level 3 in Axes
  1188 | D:2      | Reached XP level 4. HP: 24/26 MP: 5/5
  1206 | D:2      | Found a sparkling altar of Nemelex Xobeh.
  1898 | D:3      | Reached skill level 4 in Axes
  1901 | D:3      | Reached XP level 5. HP: 29/30 MP: 6/6
  2095 | D:3      | Noticed nuthulu's ghost (amateur GrFi)
  2120 | D:3      | Slain by nuthulu's ghost

Skill      XL: |  1  2  3  4 |
---------------+-------------+-----
Axes           | 1 2 3 4 |  4.4
Fighting       | |  2.1
Armour         | |  3.2
Shields        | |  1.1
Spellcasting   | |  1.0
Conjurations   | |  1.1
Translocations | |  1.0
Evocations     | |  1.0

Action                   |  1- 3 |  4- 6 || total
-------------------------+-------+-------++-------
Melee: Hand axe          |   156 |   144 ||   300
  Use: Potion            |       |     2 ||     2
  Eat: Chunk             |     1 |     3 ||     4
Armor: Robe              |    18 |       ||    18
       Ring mail         |     2 |       ||     2
       Scale mail        |    86 |    95 ||   181
       Skin              |     1 |       ||     1
Dodge: Dodged            |   108 |    90 ||   198
